 Dungeon Crawl Stone Soup version 0.20.1-1-g8b1a95d (webtiles) character file.

29 Nattfarinn the Skirmisher (level 3, -2/24 HPs)
             Began as a Gargoyle Berserker on Aug 1, 2017.
             Was a Follower of Trog.
             Slain by Sigmund
             ... wielding a +1 scythe of pain
              (3 damage)
             ... on level 2 of the Dungeon.
             The game lasted 00:01:20 (885 turns).

Nattfarinn the Skirmisher (Gargoyle Berserker)       Turns: 885, Time: 00:01:21

Health: -2/24      AC:  9    Str: 20    XL:     3   Next: 16%
Magic:  3/3        EV: 10    Int:  7    God:    Trog [*.....]
Gold:   62         SH:  0    Dex: 10    Spells: 2/2 levels left

rFire    . . .     SeeInvis .   a - +0 mace
rCold    . . .     Gourm    .   (no shield)
rNeg     + . .     Faith    .   m - +0 scale mail
rPois    ∞         Spirit   .   (no helmet)
rElec    +         Reflect  .   (no cloak)
rCorr    .         Harm     .   (no gloves)
MR       .....                  (no boots)
Stlth    ..........             (no amulet)
Regen    0.1/turn               (no ring)
MPRegen  0.1/turn               (no ring)

@: berserk cooldown, slowed, very slow
A: negative energy resistance 1, electricity resistance, unbreathing,
petrification resistance, rot immunity, AC +3
a: Berserk, Burn Spellbooks, Renounce Religion


You were on level 2 of the Dungeon.
You worshipped Trog.
Trog was aware of your devotion.
You were near starving.

You visited 1 branch of the dungeon, and saw 2 of its levels.

You collected 62 gold pieces.

Inventory:

Hand Weapons
 a - a +0 mace (weapon)
Armour
 b - a +0 animal skin
 j - a +0 ring mail
 m - a +0 scale mail (worn)
Scrolls
 e - a scroll of identify {unknown}
 h - a scroll of random uselessness {unknown}
 k - a scroll of fear {unknown}
 l - a scroll of enchant armour {unknown}
Potions
 d - 2 potions of degeneration {unknown}
 g - a potion of curing {unknown}
 i - a potion of brilliance {unknown}
Comestibles
 c - 3 bread rations
 f - 2 royal jellies


   Skills:
 * Level 4.1 Fighting
 + Level 3.2 Maces & Flails
 - Level 2.1 Armour
 + Level 1.8 Dodging


You had 2 spell levels left.
You didn't know any spells.

Dungeon Overview and Level Annotations

Branches:
Dungeon (2/15)

Altars:

Annotations:
D:2 Sigmund


Innate Abilities, Weirdness & Mutations

You are resistant to torment.
Your stone body is resilient. (AC +3)
You are immune to poison.
You resist negative energy. (rN+)
You are resistant to electric shocks. (rElec)
You can survive without breathing.
You are immune to petrification.
You are immune to rotting.


Message History

You see here a leopard gecko corpse.
You completely miss something.
You bump into the rock wall.
Something hits you.
* * * LOW HITPOINT WARNING * * *
You writhe in agony.
* * * LOW HITPOINT WARNING * * *
You feel a strong urge to attack something.
You are no longer berserk.
You are exhausted.
You feel yourself slow down.
There is a strange disturbance nearby!
Something hits you but does no damage.
You see here a leopard gecko corpse.
Something hits you but does no damage.
You feel less confused. Something hits you.
* * * LOW HITPOINT WARNING * * *
You see here a leopard gecko corpse.
Something hits you.
You die...

...... #.......# ......#
##<..# ....... ##...####
....... ##........#
....... #.........#
....... ###.#.........
...?...####...........##
.....#{†....##.......#
........@....##.......#
............###.<.....#
......#.....# .......
.............# ....
.....##....#.# ....
..... #....#... .....
#....###.. ###### ..


There were no monsters in sight!

Vanquished Creatures
  A worm (D:1)
  A leopard gecko (D:2)
  A giant cockroach (D:1)
  4 goblins (D:1)
  2 hobgoblins (D:1)
  4 jackals (D:1)
  5 kobolds (D:1)
  2 bats (D:1)
  A rat (D:1)
21 creatures vanquished.

Notes
Turn   | Place    | Note
-------+----------+-------------------------------------------
     0 | D:1      | Nattfarinn the Gargoyle Berserker began the quest for the Orb.
     0 | D:1      | Reached XP level 1. HP: 14/14 MP: 1/1
   134 | D:1      | Reached XP level 2. HP: 16/20 MP: 2/2
   431 | D:1      | Reached skill level 4 in Fighting
   759 | D:1      | Reached XP level 3. HP: 24/24 MP: 3/3
   863 | D:2      | Noticed Sigmund
   884 | D:2      | HP: 1/24 [something (4)]
   885 | D:2      | Slain by Sigmund

Skill      XL: |  1  2 |
---------------+-------+-----
Fighting       | 4 |  4.1
Maces & Flails | |  3.2
Armour         | |  2.1
Dodging        | |  1.8

Action                   || total
-------------------------++-------
Melee: Mace              ||    66
Invok: Berserk           ||     2
Armor: Animal skin       ||    14
       Ring mail         ||     8
       Scale mail        ||    13
Dodge: Dodged            ||    51
